AoeStats
← k1ng

Arabia

510336490Analyzed
1v1 RM · 1d ago on Sep 30, 2026· 46m 15s· 2 players
Game mode
Random Map
Map size
Tiny (2 player)
Population
200
Speed
Normal
Resources
Standard
Victory
Conquest
Starting age
Dark Age
Ending age
Imperial Age
RankedLock teamsTeams togetherTeam positionsShared explorationLock speedFull tech treeHidden civsTurbo modeCheats
Victory
Defeat
🇦🇷 Franks · Argentina
1181
+16
🇦🇷 Persians · Argentina
1190
-16
Robin
7:01 Loom
9:49 Feudal Age
10:27 Double-Bit Axe
19:31 Castle Age
17:50 Gold Mining
18:41 Scale Barding Armor
19:24 Forging
20:34 Wheelbarrow
19:50 Pikeman
21:02 Squires
21:57 Husbandry
24:57 Bow Saw
26:55 Stone Mining
28:47 Chain Barding Armor
28:29 Scale Mail Armor
29:18 Hand Cart
30:34 Iron Casting
32:21 Chain Mail Armor
34:31 Arson
38:28 Imperial Age
38:49 Fletching
39:11 Masonry
38:34 Cavalier
39:51 Plate Barding Armor
39:48 Plate Mail Armor
40:19 Blast Furnace
40:08 Halberdier
41:35 Conscription
42:26 Paladin
44:26 Siege Engineers
k1ng
6:20 Loom
9:02 Feudal Age
9:50 Double-Bit Axe
19:46 Castle Age
18:49 Horse Collar
21:23 Bow Saw
21:33 Husbandry
22:54 Elite Skirmisher
25:24 Bloodlines
27:13 Forging
27:33 Gold Mining
28:44 Fervor
32:03 Wheelbarrow
31:56 Scale Barding Armor
33:12 Thumb Ring
32:59 Fletching
33:10 Padded Archer Armor
36:51 Ballistics
42:25 Imperial Age
41:13 Heavy Plow
41:35 Hand Cart
42:20 Town Watch
42:41 Bodkin Arrow
42:54 Heavy Camel Rider
45:55 Chain Barding Armor
46:10 Iron Casting
Connection lost

Rejoining the realm…

Still unreachable

The connection could not be restored.

Session expired

The server has moved on; the page needs a fresh start.